 Dungeon Crawl Stone Soup version 0.28.0-45-g0d030f2227 (webtiles) character file.

Game seed: 2992829577901156869

30 terff the Chopper (level 3, -4/33 HPs)
             Began as a Hill Orc Monk on Apr 15, 2022.
             Killed from afar by Natasha (12 damage)
             ... with a puff of flame
             ... on level 2 of the Dungeon.
             The game lasted 00:02:04 (1211 turns).

terff the Chopper (Hill Orc Monk)                   Turns: 1211, Time: 00:02:05

Health: -4/33      AC:  3    Str: 15    XL:     3   Next: 18%
Magic:  3/3        EV: 12    Int: 10    God:
Gold:   42         SH:  0    Dex: 13    Spells: 2/2 levels left

rFire   . . .      SeeInvis .   a - +0 hand axe
rCold   . . .      Faith    .   (no shield)
rNeg    . . .      Spirit   .   b - +1 robe
rPois   .          Reflect  .   (no helmet)
rElec   .          Harm     .   (no cloak)
rCorr   .          Rampage  .   (no gloves)
Will    .....                   (no boots)
Stlth   ++........              (no amulet)
HPRegen 0.11/turn               (no ring)
MPRegen 0.08/turn               (no ring)

@: slowed, very slow
A: no striking features
a: no special abilities


You were on level 2 of the Dungeon.
You visited 1 branch of the dungeon, and saw 2 of its levels.

You collected 42 gold pieces.

Inventory:

Hand Weapons
 a - a +0 hand axe (weapon)
Armour
 b - a +1 robe (worn)
Jewellery
 c - an amulet of faith
Scrolls
 d - a scroll of summoning
 f - a scroll of enchant armour
Potions
 e - a potion of attraction


   Skills:
 + Level 4.0 Fighting
 + Level 4.6 Axes
 + Level 2.8 Dodging
 + Level 1.6 Stealth


You had 2 spell levels left.
You didn't know any spells.
Your spell library contained the following spells:

 Spells                   Type           Power      Damage    Failure   Level
 Ozocubu's Armour         Ice            0%         N/A       75%         3
 Metabolic Englaciation   Hex/Ice        0%         N/A       100%        5
 Simulacrum               Ice/Necr       0%         N/A       100%        6


Dungeon Overview and Level Annotations

Branches:
Dungeon (2/15)

Altars:

Annotations:
D:2 Natasha


Message History

You slash the giant cockroach!
You kill the giant cockroach!
A kobold comes into view. It is wielding a +0 short sword.
You hit the kobold.
You kill the kobold!
Things that are here:
a +0 short sword; a kobold corpse A phantom comes into view.
Found a book of Dreams.
You can't memorise that many levels of magic yet!
Natasha, Servant of Life and Death comes into view.
She is carrying a wand of flame (9).
Natasha hisses angrily.
A giant cockroach comes into view.
Natasha casts a spell at you. You resist with significant effort.
Natasha zaps a wand.
The puff of flame hits you!
You hit Natasha.
Natasha is lightly wounded.
Natasha barely misses you.
You closely miss Natasha.
Natasha is lightly wounded.
Natasha claws you.
You closely miss Natasha.
Natasha is lightly wounded.
Natasha stares at you and mumbles some strange words.
You feel yourself slow down.
You completely miss Natasha.
Natasha is lightly wounded.
Natasha mumbles some strange words.
You feel disoriented. Natasha claws you!
Natasha zaps a wand.
The puff of flame hits you.
* * * LOW HITPOINT WARNING * * *
You closely miss Natasha.
Natasha is lightly wounded.
Natasha casts a spell.
Natasha barely misses you.
You miss Natasha.
Natasha is lightly wounded.
Natasha zaps a wand.
The puff of flame hits you!
You die...

## #.#######.#
...####.# W#
.....##.#######.#
#.#.............
#.............:#
#..###.####### #
#..# #.#
###..####..###.#
....5Bh@.......#
################


You could see Natasha, a crimson imp (summoned) and a giant cockroach.

Vanquished Creatures
  A worm (D:2)
  2 dart slugs
  A ball python (D:1)
  2 giant cockroaches (D:2)
  4 hobgoblins
  2 kobolds
  3 bats (D:1)
  A frilled lizard (D:1)
  3 goblins
  2 rats
21 creatures vanquished.

Vanquished Creatures (others)
  3 plants (D:1)
  3 withered plants (D:1)
6 creatures vanquished.

Grand Total: 27 creatures vanquished

Notes
Turn   | Place    | Note
-------+----------+-------------------------------------------
     0 | D:1      | terff the Hill Orc Monk began the quest for the Orb.
     0 | D:1      | Reached XP level 1. HP: 19/19 MP: 1/1
    49 | D:1      | Found a faded altar of an unknown god.
   347 | D:1      | Reached XP level 2. HP: 27/27 MP: 2/2
  1008 | D:2      | Reached XP level 3. HP: 19/33 MP: 3/3
  1180 | D:2      | Noticed a phantom
  1200 | D:2      | Noticed Natasha
  1211 | D:2      | Killed from afar by Natasha

Illustrated notes

Levels and vault maps discovered:
D:1:      giann_wishing_wells, layout_basic,
          shapermc_ecumenical_altar_flowoftime, glass_columns_b,
          minmay_liquid_box
D:2:      layout_loops_ring, grunt_decor_resistance, uniq_natasha

Skill      XL: |  1  2 |
---------------+-------+-----
Fighting       | 4 |  4.0
Axes           | |  4.6
Dodging        | |  2.8
Stealth        | |  1.6

Action                   || total
-------------------------++-------
Melee: Hand axe          ||    87
       Punch             ||     1
  Use: Scroll            ||     5
 Stab: Sleeping          ||     1
Armor: Robe              ||    22
Dodge: Dodged            ||    54
